 Dungeon Crawl Stone Soup version 0.30.1-11-g7821555f0a (webtiles) character file.

Game seed: 8968704276597910643

1023 lonewolfV2 the Protected (level 8, -3/68 HPs)
             Began as a Formicid Fighter on Nov 14, 2023.
             Was an Elder of Qazlal.
             Slain by Maggie
             ... wielding a +0 heavy morningstar
              (16 damage)
             ... on level 7 of the Dungeon.
             The game lasted 00:05:58 (4425 turns).

lonewolfV2 the Protected (Formicid Fighter)         Turns: 4425, Time: 00:05:58

Health: -3/68      AC: 10    Str: 24    XL:     8   Next: 46%
Magic:  8/8        EV:  9    Int:  7    God:    Qazlal [****..]
Gold:   347        SH: 10    Dex: 13    Spells: 7/7 levels left

rFire   + . .        u - +6 rapier of Jasiecef {drain, rF+}
rCold   . . .        c - +0 buckler
rNeg    . . .        b - +0 scale mail
rPois   .            (helmet unavailable)
rElec   .            (no cloak)
rCorr   .            e - +1 pair of gloves
SInv    +            (no boots)
Will    +....        (no amulet) Stlth
                     j - ring of willpower
HPRegen 0.31/turn    (no ring)
MPRegen 0.11/turn

%: repel missiles
@: no status effects
A: permanent stasis, dig shafts and tunnels, antennae 3, four strong arms
a: Dig, Shaft Self, Renounce Religion, Upheaval, Elemental Force


You were on level 7 of the Dungeon.
You worshipped Qazlal.
Qazlal was greatly pleased with you.
You visited 1 branch of the dungeon, and saw 6 of its levels.

You collected 347 gold pieces.

Inventory:

Hand Weapons
 a - a +1 war axe of flaming
 u - the +6 rapier of Jasiecef (weapon) {drain, rF+}
   (You found it on level 4 of the Dungeon)

   rF:        It protects you from fire.
Armour
 b - a +0 scale mail (worn)
 c - a +0 buckler (worn)
 e - a +1 pair of gloves (worn)
Jewellery
 j - a ring of willpower (left hand)
 r - a ring of magical power
Wands
 o - a wand of flame (11)
Scrolls
 g - 5 scrolls of teleportation
 h - a scroll of enchant armour
 p - a scroll of noise {unknown}
 q - a scroll of magic mapping
 s - 2 scrolls of fear
 t - a scroll of brand weapon
 w - 2 scrolls of butterflies {unknown}
 x - a scroll of fog {unknown}
Potions
 d - 3 potions of might
 f - 3 potions of brilliance
 i - 5 potions of curing
 k - a potion of berserk rage {unknown}
 l - a potion of heal wounds
 m - 3 potions of haste
 n - 2 potions of mutation
 v - a potion of flight {unknown}


   Skills:
 + Level 7.9 Fighting
 - Level 2.0 Axes
 + Level 8.0 Armour
 - Level 4.0 Shields


You had 7 spell levels left.
You didn't know any spells.
Your spell library contained the following spells:

 Spells                   Type           Power      Damage    Failure   Level
 Cigotuvi's Dreadful Rot  Necr/Pois/Air  0%         N/A       88%         2
 Sublimation of Blood     Necr           0%         N/A       88%         2
 Wereblood                Tmut           0%         N/A       88%         2
 Dispel Undead            Necr           0%         3d6       100%        4
 Petrify                  Tmut/Erth      0%         N/A       100%        4
 Irradiate                Conj/Tmut      0%         3d11      100%        5
 Death Channel            Necr           0%         N/A       100%        6
 Summon Hydra             Summ           0%         N/A       100%        7
 Chain Lightning          Conj/Air       0%         N/A       100%        9
 Fire Storm               Conj/Fire      0%         5d1       100%        9
 Shatter                  Erth           0%         3d5*      100%        9


Dungeon Overview and Level Annotations

Branches:
Dungeon (5/15)
 Temple: D:4-7

Altars:
Ashenzari
Fedhas
Makhleb
Qazlal

Shops:
D:4 =

Annotations:
D:7 Maggie


Innate Abilities, Weirdness & Mutations

You cannot be hasted, slowed, berserked, paralysed or teleported.
You can dig through walls and to a lower floor.
You have a pair of large antennae on your head. (SInv)
Your four strong arms can wield two-handed weapons with a shield.


Message History

Maggie mumbles some strange words.
Maggie attempts to bespell you!
You easily resist.
Your Armour skill increases to level 8!
Maggie casts a spell.
Maggie attempts to bespell you!
You easily resist.
You see here a +0 shortbow.
Maggie zaps a wand.
The mass of ice explodes!
The iceblast engulfs you!
You hear a shout! x2
Maggie casts a spell at you. The bolt of fire hits you! You resist.
You closely miss Maggie.
Maggie hits you with a +0 heavy morningstar.
You closely miss Maggie.
You hear a shout!
Maggie hits you with a +0 heavy morningstar.
You closely miss Maggie.
Maggie hits you with a +0 heavy morningstar!
A centaur comes into view.
You puncture Maggie! You drain Maggie.
Maggie is moderately wounded.
You hit Maggie.
Maggie is moderately wounded.
Maggie gestures wildly while chanting.
Maggie attempts to bespell you! You resist with almost no effort.
You puncture Maggie! You drain Maggie.
Maggie is severely wounded.
Maggie gestures wildly while chanting.
Maggie attempts to bespell you! You resist with almost no effort.
Maggie hits you with a +0 heavy morningstar!
* * * LOW HITPOINT WARNING * * *
You hit Maggie. You drain Maggie.
Maggie is severely wounded.
An ogre comes into view. It is wielding a +0 giant spiked club.
You puncture Maggie! You drain Maggie.
Maggie is almost dead.
Maggie barely misses you.
You hit Maggie. You drain Maggie.
Maggie is almost dead.
Maggie hits you with a +0 heavy morningstar!
You die...

{{#..........###
#.............. {
#......!....... {
#.............
#...........# { {
#..........##
{#.........## # {
######....####....
{ { #).°.@@c.....
{{ #...°##§.#...
#....## .# #....#
# #.O.... #.......
..........
....###....


You could see Maggie (very drained), an ogre and a centaur.

Vanquished Creatures
  A water moccasin (D:5)
  An ice beast (D:5)
  A centaur (D:7)
  An ogre (D:4)
  A scorpion (D:5)
  3 hounds
  3 orc priests
  A jelly (D:5)
  2 sleepcaps
  Jessica (D:2)
  An iguana (D:5)
  An orc wizard (D:3)
  6 adders
  8 gnolls (D:4)
  An ufetubus (D:4)
  3 worms
  8 dart slugs
  14 orcs
  10 ball pythons
  5 bats
  6 endoplasms
  3 giant cockroaches
  5 hobgoblins
  4 jackals (D:5)
  4 kobolds
  3 quokkas
  6 frilled lizards
  9 goblins
  3 rats
115 creatures vanquished.

Notes
Turn   | Place    | Note
-------+----------+-------------------------------------------
     0 | D:1      | lonewolfV2 the Formicid Fighter began the quest for the
                  | Orb.
     0 | D:1      | Reached XP level 1. HP: 18/18 MP: 1/1
    96 | D:1      | Found a faded altar of an unknown god.
   110 | D:1      | Prayed at the altar of an unknown god.
   110 | D:1      | Became a worshipper of Qazlal Stormbringer
   110 | D:1      | Reached * piety under Qazlal
   149 | D:1      | Reached XP level 2. HP: 23/24 MP: 2/2
   444 | D:1      | Reached XP level 3. HP: 30/30 MP: 3/3
   638 | D:2      | Reached skill level 4 in Armour
   769 | D:2      | Reached ** piety under Qazlal
   910 | D:2      | Reached XP level 4. HP: 31/37 MP: 4/4
  1062 | D:2      | Noticed Jessica
  1077 | D:2      | Killed Jessica
  1146 | D:2      | Reached XP level 5. HP: 43/43 MP: 5/5
  1549 | D:2      | Reached skill level 5 in Armour
  1747 | D:3      | Reached skill level 5 in Fighting
  2147 | D:3      | Reached XP level 6. HP: 49/51 MP: 6/6
  2231 | D:3      | Reached *** piety under Qazlal
  2792 | D:4      | Noticed an ogre
  2799 | D:4      | Killed an ogre
  2800 | D:4      | Reached skill level 6 in Armour
  2800 | D:4      | Reached XP level 7. HP: 40/58 MP: 7/7
  3084 | D:4      | Found a broken altar of Ashenzari.
  3193 | D:4      | Identified the +6 rapier of Jasiecef {drain, rF+}
  3307 | D:4      | Found a blossoming altar of Fedhas.
  3451 | D:4      | Found Vuruc's One-of-a-Kind Rings.
  3600 | D:4      | Found a burning altar of Makhleb.
  3769 | D:5      | Entered Level 5 of the Dungeon
  3809 | D:5      | Reached skill level 7 in Armour
  3874 | D:5      | Reached XP level 8. HP: 37/67 MP: 8/8
  4074 | D:5      | Reached **** piety under Qazlal
  4367 | D:5      | Identified the +1 quarterstaff of the Quiescent God
                  | {antimagic, rPois Stlth+}
  4400 | D:5      | You fall into a shaft and drop 2 floors!
  4410 | D:7      | Noticed Maggie
  4412 | D:7      | Reached skill level 8 in Armour
  4425 | D:7      | Slain by Maggie

Illustrated notes

Levels and vault maps discovered:
D:1:      lordsloth_arrival_two_stooges, layout_loops_cross,
          chequers_ecumenical_altar_simple_redux, minmay_ruptured
D:2:      minmay_alternating_diamond, layout_loops_corners,
          kennysheep_jessica_study
D:3:      layout_basic, kennysheep_generic_room_12
D:4:      layout_gridville, makhleb_heckhound_becter,
          cheibrodos_ashenzari_chains, mainiacjoe_overflow_surrounded_room,
          serial_park_tiny_2, nicolae_shop_unique_rings,
          hangedman_decor_clover_reticule
D:5:      layout_rooms
D:7:      layout_layer_cave, tso_metal_star, lemuel_tele_altar,
          biasface_ghost_orc_armoury, enter_bailey_2, uniq_maggie

Skill      XL: |  1  2  3  4  5  6  7  8 |
---------------+-------------------------+-----
Armour         | 4 5 6 7 8 |  8.0
Fighting       | 4 5 6 7 |  7.9
Axes           | |  2.0
Shields        | |  4.0

Action                     |  1- 3 |  4- 6 |  7- 9 || total
---------------------------+-------+-------+-------++-------
  Melee: War axe           |    58 |   124 |    33 ||   215
         Rapier            |       |       |    57 ||    57
    Use: Scroll            |     3 |     6 |     5 ||    14
 Armour: Scale mail        |    30 |    48 |    34 ||   112
  Dodge: Dodged            |    37 |    32 |    47 ||   116
  Block: Buckler           |    31 |    50 |    53 ||   134
